 Dungeon Crawl Stone Soup version 0.29-a0-334-gb41bcbb86e (webtiles) character file.

Game seed: 2303795491943717372

2 Jortsu the Shield-Bearer (level 1, -4/14 HPs)
             Began as a Gargoyle Fighter on Apr 14, 2022.
             Frozen to death by an endoplasm (5 damage)
             ... on level 1 of the Dungeon.
             The game lasted 00:00:05 (31 turns).

Jortsu the Shield-Bearer (Gargoyle Fighter)           Turns: 31, Time: 00:00:06

Health: -4/14      AC:  9    Str: 19    XL:     1   Next: 40%
Magic:  1/1        EV:  9    Int:  8    God:
Gold:   0          SH:  4    Dex:  9    Spells: 0/0 levels left

rFire   . . .      SeeInvis .   a - +0 flail
rCold   . . .      Faith    .   c - +0 buckler
rNeg    + . .      Spirit   .   b - +0 scale mail
rPois   ∞          Reflect  .   (no helmet)
rElec   +          Harm     .   (no cloak)
rCorr   .          Rampage  .   (no gloves)
Will    .....                   (no boots)
Stlth   ..........              (no amulet)
HPRegen 0.04/turn               (no ring)
MPRegen 0.07/turn               (no ring)

@: no status effects
A: sickness immunity, AC +2, negative energy resistance 1, electricity
resistance, torment resistance 1, petrification resistance
a: no special abilities


You were on level 1 of the Dungeon.
You visited 1 branch of the dungeon, and saw 1 of its levels.

Inventory:

Hand Weapons
 a - a +0 flail (weapon)
Armour
 b - a +0 scale mail (worn)
 c - a +0 buckler (worn)
Potions
 d - a potion of might


   Skills:
 + Level 3.3 Fighting
 + Level 2.0 Maces & Flails
 + Level 3.3 Armour
 + Level 3.4 Shields


You couldn't memorise any spells.
You didn't know any spells.
Your spell library was empty.

Dungeon Overview and Level Annotations

Branches:
Dungeon (1/15)

Altars:


Innate Abilities, Weirdness & Mutations

You are immune to sickness and miasma.
Your stone body is resilient. (AC +2)
You are immune to poison.
You resist negative energy. (rN+)
You are resistant to electric shocks. (rElec)
You are resistant to unholy torment.
You are immune to petrification.


Message History

A frilled lizard is nearby!
A quokka comes into view.
An endoplasm comes into view.
The endoplasm quivers.
The frilled lizard closely misses you.
You hit the frilled lizard.
You kill the frilled lizard!
The quokka barely misses you.
A dart slug comes into view.
The quokka bites you but does no damage.
You barely miss the quokka. You block the quokka's attack.
The endoplasm freezes you.
You are frozen.
The quokka bites you but does no damage.
You barely miss the quokka. The endoplasm barely misses you.
The quokka completely misses you. The endoplasm freezes you.
You are frozen.
The quokka bites you but does no damage.
You hit the quokka.
You kill the quokka!
The endoplasm freezes you.
You are frozen.
* * * LOW HITPOINT WARNING * * *
You hit the dart slug.
The dart slug is lightly wounded.
The endoplasm closely misses you. The dart slug launches a dart at you.
The slug dart hits you.
* * * LOW HITPOINT WARNING * * *
You hit the dart slug.
The dart slug is lightly wounded.
The endoplasm hits you but does no damage.
The dart slug launches a dart at you. The slug dart misses you.
The endoplasm barely misses you.
You hit the dart slug but do no damage.
The dart slug is lightly wounded.
The endoplasm freezes you.
You are frozen.
You die...

....... .
...... .#
#....###.#
#........## ###
#..........
...##..........
#.....J.......
#.....@w#
#.......#
##.......#
.........#
#######.## #.#
###### #.#
#....#
#.###§§§.###
#.†.'§≈§.'<#


You could see a dart slug and an endoplasm.

Vanquished Creatures
  A quokka (D:1)
  A frilled lizard (D:1)
  A rat (D:1)
3 creatures vanquished.

Notes
Turn   | Place    | Note
-------+----------+-------------------------------------------
     0 | D:1      | Jortsu the Gargoyle Fighter began the quest for the Orb.
     0 | D:1      | Reached XP level 1. HP: 14/14 MP: 1/1
    31 | D:1      | Frozen to death by an endoplasm

Illustrated notes

Levels and vault maps discovered:
D:1:      lightli_arrival_lavapool, layout_basic, shapermc_ecumenical_altar_venn

Action                   || total
-------------------------++-------
Melee: Flail             ||    10
Armor: Scale mail        ||     4
Dodge: Dodged            ||     7
Block: Buckler           ||     3

Table legend: (Time is in decaauts)
 A = Elapsed time spent in this place.
 B = Non-inter-level travel time spent in this place.
 C = Inter-level travel time spent in this place.
 D = Time resting spent in this place.
 E = Time spent auto-exploring this place.
 F = Levels seen in this place.
 G = Mean time per level.
                   A        B        C        D        E       F      G
               +--------+--------+--------+--------+--------+-----+--------+
         Total |     34 |     34 |      0 |      0 |     16 |   1 |   34.0 |
       Dungeon |     34 |     34 |      0 |      0 |     16 |   1 |   34.0 |
               +--------+--------+--------+--------+--------+-----+--------+

Top non-repeatable levels by time:
     D:1: 34 daAuts
